MLB
SAN FRANCISCO GIANTS @ MILWAUKEE BREWERS
09/07/2018
 
TOP OF THE 1ST
San Francisco Giants batting - Pitching for Milwaukee Brewers : RHP Collin McHugh
Pitching: RHP Collin McHugh
Batting: LHB Jon Jay 0-0: Swinging Strike
0-1: Ground out 1-3 (Groundball, 13)
Batting: RHB Dustin Pedroia 0-0: Ball
1-0: SINGLE (Line Drive, 7S)
Batting: LHB Anthony Rizzo 0-0: Ball
1-0: Grounds into double play, 4-5-3 (Groundball, 34)
Top of the 1st over - 0 runs, 1 hit, 0 errors, 0 left on base; San Francisco 0 - Milwaukee 0
BOTTOM OF THE 1ST
Milwaukee Brewers batting - Pitching for San Francisco Giants : RHP Max Scherzer
Pitching: RHP Max Scherzer
Batting: RHB Tommy Pham 0-0: SOLO HOME RUN (Line Drive, 7D), Distance : 367 ft
Batting: RHB Aaron Judge 0-0: Called Strike
0-1: Foul Ball, location: 2F
0-2: Ball
1-2: Foul Ball, location: 2F
1-2: Foul Ball, location: 2F
1-2: Foul Ball, location: 2F
1-2: Foul Ball, location: 2F
1-2: Ball
2-2: Foul Ball, location: 2F
2-2: Ball
3-2: SOLO HOME RUN (Flyball, 78XD) (Inside the Park)
Batting: RHB Logan Forsythe 0-0: Ball
1-0: Foul Ball, location: 2F
1-1: Ball
2-1: Ball
3-1: Ground out 6-3 (Groundball, 6)
Batting: RHB Gary Sanchez 0-0: Called Strike
0-1: Ball
1-1: Fly out, F8 (Line Drive, 8LM)
Batting: RHB Miguel Cabrera 0-0: Swinging Strike
0-1: Called Strike
0-2: Ball
1-2: Foul Ball, location: 2F
1-2: Ground out 6-3 (Groundball, 56)
Bottom of the 1st over - 2 runs, 2 hits, 0 errors, 0 left on base; San Francisco 0 - Milwaukee 2
TOP OF THE 2ND
San Francisco Giants batting - Pitching for Milwaukee Brewers : RHP Collin McHugh
Batting: RHB Nelson Cruz 0-0: Ball
1-0: Foul Ball, location: 2F
1-1: Foul Ball, location: 2F
1-2: Ball
2-2: Strikes out looking
Batting: LHB Kyle Schwarber 0-0: Swinging Strike
0-1: Swinging Strike
0-2: Foul Ball, location: 2F
0-2: Foul Ball, location: 2F
0-2: Ball
1-2: Ball
2-2: Ball
3-2: Strikes out swinging
Batting: LHB Kyle Seager 0-0: Called Strike
0-1: Called Strike
0-2: Foul Ball, location: 2F
0-2: Fly out, F6 (Popup, 4D)
Top of the 2nd over - 0 runs, 0 hits, 0 errors, 0 left on base; San Francisco 0 - Milwaukee 2
BOTTOM OF THE 2ND
Milwaukee Brewers batting - Pitching for San Francisco Giants : RHP Max Scherzer
Batting: RHB Eugenio Suarez 0-0: Called Strike
0-1: Ball
1-1: Foul Ball, location: 2F
1-2: Strikes out looking
Batting: LHB Seth Smith 0-0: Ball
1-0: Foul Ball, location: 2F
1-1: Ball
2-1: Swinging Strike
2-2: SINGLE (Line Drive, 9S)
Batting: RHB Collin McHugh 0-0: Ball
Wild Pitch!
Seth Smith to second
1-0: Called Strike
1-1: Ball
2-1: Ball
3-1: Called Strike
3-2: Base on Balls
Batting: RHB Addison Russell 0-0: Ball
1-0: Ball
2-0: Fly out, F9 (Line Drive, 9)
Batting: RHB Tommy Pham 0-0: Foul Ball, location: 2F
0-1: Foul Ball, location: 2F
0-2: Foul Ball, location: 2F
0-2: Ball
1-2: Ball
2-2: DOUBLE (Flyball, 89D)
Seth Smith scores
Collin McHugh to third
Batting: RHB Aaron Judge 0-0: Called Strike
0-1: Swinging Strike
0-2: Ball
1-2: Strikes out looking
Bottom of the 2nd over - 1 run, 2 hits, 0 errors, 2 left on base; San Francisco 0 - Milwaukee 3
TOP OF THE 3RD
San Francisco Giants batting - Pitching for Milwaukee Brewers : RHP Collin McHugh
Batting: LHB Corey Dickerson 0-0: Ball
1-0: Called Strike
1-1: Ball
2-1: Ground out 4-3 (Groundball, 4)
Batting: RHB Tim Anderson 0-0: Foul Ball, location: 2F
0-1: Ball
1-1: Fly out, F8 (Line Drive, 8RM)
Batting: RHB Max Scherzer 0-0: Called Strike
0-1: Ball
1-1: SINGLE (Groundball, 6MD)
Batting: LHB Jon Jay 0-0: Ball
1-0: Called Strike
1-1: Ball
2-1: Swinging Strike
2-2: Strikes out looking
Top of the 3rd over - 0 runs, 1 hit, 0 errors, 1 left on base; San Francisco 0 - Milwaukee 3
BOTTOM OF THE 3RD
Milwaukee Brewers batting - Pitching for San Francisco Giants : RHP Max Scherzer
Batting: RHB Logan Forsythe 0-0: Swinging Strike
0-1: Ball
1-1: Swinging Strike
1-2: Strikes out swinging
Batting: RHB Gary Sanchez 0-0: Ball
1-0: Swinging Strike
1-1: Ball
2-1: Ball
3-1: Foul Ball, location: 2F
3-2: Strikes out looking
Batting: RHB Miguel Cabrera 0-0: Ball
1-0: Swinging Strike
1-1: Ball
2-1: Ball
3-1: Base on Balls
Batting: RHB Eugenio Suarez 0-0: Ball
1-0: DOUBLE (Groundball, 5L)
Miguel Cabrera to third
Batting: LHB Seth Smith 0-0: Called Strike
0-1: Fly out, F9 (Flyball, 9)
Bottom of the 3rd over - 0 runs, 1 hit, 0 errors, 2 left on base; San Francisco 0 - Milwaukee 3
TOP OF THE 4TH
San Francisco Giants batting - Pitching for Milwaukee Brewers : RHP Collin McHugh
Batting: RHB Dustin Pedroia 0-0: Called Strike
0-1: Fly out, F7 (Flyball, 7LM)
Batting: LHB Anthony Rizzo 0-0: Ball
1-0: Hit by Pitch
Batting: RHB Nelson Cruz 0-0: Called Strike
0-1: Called Strike
0-2: Strikes out swinging
Batting: LHB Kyle Schwarber 0-0: Foul Ball, location: 2F
0-1: Ball
1-1: Called Strike
1-2: Ball
Wild Pitch!
Anthony Rizzo to second
2-2: Foul Ball, location: 2F
2-2: Ball
3-2: Strikes out looking
Top of the 4th over - 0 runs, 0 hits, 0 errors, 1 left on base; San Francisco 0 - Milwaukee 3
BOTTOM OF THE 4TH
Milwaukee Brewers batting - Pitching for San Francisco Giants : RHP Max Scherzer
Batting: RHB Collin McHugh 0-0: Ball
1-0: Ball
2-0: Ball
3-0: Base on Balls
Batting: RHB Addison Russell 0-0: Called Strike
0-1: Ball
1-1: Foul Ball, location: 2F
1-2: Strikes out swinging
Batting: RHB Tommy Pham 0-0: Called Strike
0-1: Ball
1-1: Swinging Strike
1-2: Grounds into double play, 6-4-3 (Groundball, 6)
Bottom of the 4th over - 0 runs, 0 hits, 0 errors, 0 left on base; San Francisco 0 - Milwaukee 3
TOP OF THE 5TH
San Francisco Giants batting - Pitching for Milwaukee Brewers : RHP Collin McHugh
Batting: LHB Kyle Seager 0-0: Ball
1-0: SINGLE (Line Drive, 9LS)
Batting: LHB Corey Dickerson 0-0: Foul Ball, location: 2F
0-1: Ball
1-1: SINGLE (Line Drive, 8RS)
Kyle Seager to second
Runner from 2nd tries for 3rd, SAFE, throw by CF made to third
Batting: RHB Tim Anderson 0-0: Fly out, F7 (Flyball, 78XD)
Runner from 3rd tags up, SCORES, no throw by LF
Batting: RHB Max Scherzer 0-0: Sac Bunt to 13 - play at second, runner OUT! 1-6
Batting: LHB Jon Jay 0-0: Ball
1-0: Called Strike
1-1: SINGLE (Groundball, 34D)
Max Scherzer to second
Runner from 2nd tries for 3rd, SAFE, throw by RF made to third
Batting: RHB Dustin Pedroia 0-0: Ground out 5-3 (Groundball, 56S)
Top of the 5th over - 1 run, 3 hits, 0 errors, 2 left on base; San Francisco 1 - Milwaukee 3
BOTTOM OF THE 5TH
Milwaukee Brewers batting - Pitching for San Francisco Giants : RHP Max Scherzer
Batting: RHB Aaron Judge 0-0: Ball
1-0: Foul Ball, location: 2F
1-1: Foul Ball, location: 2F
1-2: Ball
2-2: Foul Ball, location: 2F
2-2: SOLO HOME RUN (Flyball, 7D), Distance : 381 ft
Batting: RHB Logan Forsythe 0-0: Ball
1-0: Fly out, F8 (Line Drive, 8RD)
Batting: RHB Gary Sanchez 0-0: Ball
1-0: Swinging Strike
1-1: Ball
2-1: Ball
3-1: Swinging Strike
3-2: SINGLE (Line Drive, 7S)
Batting: RHB Miguel Cabrera 0-0: Called Strike
0-1: Foul Ball, location: 2F
0-2: Ball
1-2: Foul Ball, location: 2F
1-2: Foul Ball, location: 2F
1-2: Ball
2-2: Ball
3-2: Grounds into double play, 6-4-3 (Groundball, 6M)
Bottom of the 5th over - 1 run, 2 hits, 0 errors, 0 left on base; San Francisco 1 - Milwaukee 4
TOP OF THE 6TH
San Francisco Giants batting - Pitching for Milwaukee Brewers : RHP Collin McHugh
Batting: LHB Anthony Rizzo 0-0: Ground out 6-3 (Groundball, 4M)
Batting: RHB Nelson Cruz 0-0: Foul Ball, location: 2F
0-1: DOUBLE (Line Drive, 78XD)
Batting: LHB Kyle Schwarber 0-0: Called Strike
0-1: Ball
1-1: Foul Ball, location: 2F
1-2: Ball
2-2: Ground out 1-3 (Groundball, 34S)
Nelson Cruz to third
Batting: LHB Kyle Seager 0-0: Called Strike
0-1: Ball
1-1: SINGLE (Groundball, 3D)
Nelson Cruz scores
Batting: LHB Corey Dickerson 0-0: Fielders Choice at 2nd, 6-4 (Groundball, 6)
Top of the 6th over - 1 run, 2 hits, 0 errors, 1 left on base; San Francisco 2 - Milwaukee 4
BOTTOM OF THE 6TH
Milwaukee Brewers batting - Pitching for San Francisco Giants : RHP Max Scherzer
Pitching: RHP Carlos Alejandro Ramirez
Batting: RHB Eugenio Suarez 0-0: Ball
1-0: Ground out 6-3 (Groundball, 56)
Batting: LHB Seth Smith 0-0: Called Strike
0-1: Ball
1-1: Called Strike
1-2: Ball
2-2: Foul Ball, location: 2F
2-2: Ball
3-2: Strikes out looking
Batting: RHB Collin McHugh 0-0: Ball
1-0: Called Strike
1-1: Ball
2-1: Called Strike
2-2: Foul Ball, location: 2F
2-2: Ball
3-2: Strikes out looking
Bottom of the 6th over - 0 runs, 0 hits, 0 errors, 0 left on base; San Francisco 2 - Milwaukee 4
TOP OF THE 7TH
San Francisco Giants batting - Pitching for Milwaukee Brewers : RHP Collin McHugh
Batting: RHB Tim Anderson 0-0: Foul Ball, location: 2F
0-1: Swinging Strike
0-2: Ground out 4-3 (Groundball, 4M)
Pinch Hitting: RHB Austin Jackson 0-0: Foul Ball, location: 2F
0-1: Swinging Strike
0-2: Ball
1-2: Ground out 6-3 (Groundball, 6)
Batting: LHB Jon Jay 0-0: Ball
1-0: Ball
2-0: Ground out 4-3 (Groundball, 4)
Top of the 7th over - 0 runs, 0 hits, 0 errors, 0 left on base; San Francisco 2 - Milwaukee 4
BOTTOM OF THE 7TH
Milwaukee Brewers batting - Pitching for San Francisco Giants : RHP Carlos Alejandro Ramirez
Pitching: RHP Ryan Tepera
Batting: RHB Addison Russell 0-0: Ball
1-0: Called Strike
1-1: Ball
2-1: Foul Ball, location: 2F
2-2: Ball
3-2: Foul Ball, location: 2F
3-2: Strikes out swinging
Batting: RHB Tommy Pham 0-0: Ball
1-0: Called Strike
1-1: Ground out 4-3 (Groundball, 4)
Batting: RHB Aaron Judge 0-0: Ball
1-0: Ball
2-0: Called Strike
2-1: Ball
3-1: Base on Balls
Batting: RHB Logan Forsythe 0-0: Fielders Choice at 2nd, 6-4 (Groundball, 6)
Bottom of the 7th over - 0 runs, 0 hits, 0 errors, 1 left on base; San Francisco 2 - Milwaukee 4
TOP OF THE 8TH
San Francisco Giants batting - Pitching for Milwaukee Brewers : RHP Collin McHugh
Batting: RHB Dustin Pedroia 0-0: Ball
1-0: Called Strike
1-1: Ball
2-1: Called Strike
2-2: Ball
3-2: Foul Ball, location: 2F
3-2: Ground out 1-3 (Groundball, 13)
Pitching: RHP Chad Green
Batting: LHB Anthony Rizzo 0-0: Called Strike
0-1: Foul Ball, location: 2F
0-2: Strikes out swinging
Batting: RHB Nelson Cruz 0-0: Called Strike
0-1: Ball
1-1: Ball
2-1: Ball
3-1: Base on Balls
Pitching: LHP Grant Dayton
Batting: LHB Kyle Schwarber 0-0: Called Strike
0-1: Ball
1-1: Ball
2-1: Foul Ball, location: 2F
2-2: Ball
3-2: Strikes out swinging
Top of the 8th over - 0 runs, 0 hits, 0 errors, 1 left on base; San Francisco 2 - Milwaukee 4
BOTTOM OF THE 8TH
Milwaukee Brewers batting - Pitching for San Francisco Giants : RHP Ryan Tepera
Pitching: RHP Brad Boxberger
Batting: RHB Gary Sanchez 0-0: Called Strike
0-1: Swinging Strike
0-2: Strikes out looking
Batting: RHB Miguel Cabrera 0-0: Swinging Strike
0-1: Called Strike
0-2: Strikes out looking
Batting: RHB Eugenio Suarez 0-0: Ball
1-0: Ball
2-0: Ball
3-0: Base on Balls
Batting: LHB Seth Smith 0-0: Ball
1-0: Ball
2-0: Foul Ball, location: 2F
2-1: Ball
3-1: Ground out 4-3 (Groundball, 4)
Bottom of the 8th over - 0 runs, 0 hits, 0 errors, 1 left on base; San Francisco 2 - Milwaukee 4
TOP OF THE 9TH
San Francisco Giants batting - Pitching for Milwaukee Brewers : LHP Grant Dayton
Pitching: LHP Andrew Miller
Now in LF: Jabari Blash
Batting: LHB Kyle Seager 0-0: Ball
1-0: SOLO HOME RUN (Flyball, 89XD), Distance : 390 ft
Batting: LHB Corey Dickerson 0-0: Ball
1-0: SINGLE (Groundball, 34D)
Batting: RHB Tim Anderson 0-0: Called Strike
0-1: Ball
1-1: Called Strike
1-2: Ball
2-2: Ball
3-2: SINGLE (Line Drive, 78M)
Corey Dickerson to second
Runner from 2nd tries for 3rd, SAFE, no throw by LF
Pinch Hitting: RHB Alcides Escobar 0-0: Called Strike
0-1: Ball
1-1: Ball
2-1: Foul Ball, location: 2F
2-2: Ball
3-2: Base on Balls
Tim Anderson to second
Pitching: RHP Craig Kimbrel
Batting: LHB Jon Jay 0-0: Ball
1-0: Ball
2-0: Called Strike
2-1: Foul Ball, location: 2F
2-2: Strikes out swinging
Batting: RHB Dustin Pedroia 0-0: Ball
1-0: Swinging Strike
1-1: Ball
2-1: Foul Ball, location: 2F
2-2: DOUBLE (Flyball, 78D)
Corey Dickerson scores
Tim Anderson scores
Alcides Escobar to third
Runner from 3rd tries for Home, SAFE, throw by LF to home
Pitching: RHP Mark Melancon
Batting: LHB Anthony Rizzo 0-0: Called Strike
0-1: Fly out, F8 (Flyball, 89M)
Batting: RHB Nelson Cruz 0-0: Ball
1-0: Called Strike
1-1: Swinging Strike
1-2: Fly out, F5 (Popup, 5SF)
Top of the 9th over - 4 runs, 4 hits, 0 errors, 1 left on base; San Francisco 6 - Milwaukee 4
BOTTOM OF THE 9TH
Milwaukee Brewers batting - Pitching for San Francisco Giants : RHP Brad Boxberger
Pitching: LHP Brad Hand
Batting: RHB Jabari Blash 0-0: Foul Ball, location: 2F
0-1: SOLO HOME RUN (Flyball, 9D), Distance : 385 ft
Batting: RHB Addison Russell 0-0: Ball
1-0: Ball
2-0: Ball
3-0: Base on Balls
Batting: RHB Tommy Pham 0-0: 2-RUN HOME RUN (Flyball, 9D), Distance : 364 ft
Sunday, November 18th, 2018 - OOTP Baseball 19.9 Build 115